 Dungeon Crawl Stone Soup version 0.31.0-9-g3a7656b989 (webtiles) character file.

Game seed: 5669188796338317201

86 qw the Shooter (level 4, -1/22 HPs)
             Began as a Spriggan Hunter on Feb 2, 2024.
             Incinerated by a bombardier beetle (5 damage)
             ... with a burning spray
             ... on level 3 of the Dungeon.
             The game lasted 00:00:05 (1724 turns).

qw the Shooter (Spriggan Hunter)                    Turns: 1724, Time: 00:00:05

Health: -1/22      AC:  2    Str:  7    XL:     4   Next: 26%
Magic:  5/5        EV: 19    Int: 10    God:
Gold:   68         SH:  0    Dex: 20    Spells: 3/3 levels left

rFire   . . .        b - +3 orcbow (flame)
rCold   . . .        (shield currently unavailable)
rNeg    . . .        c - +0 robe
rPois   .            (helmet restricted)
rElec   .            (no cloak)
rCorr   .            (gloves unavailable)
SInv    +            (boots unavailable)
Will    .....        (no amulet)
Stlth   +            (no ring)
HPRegen 0.23/turn    (no ring)
MPRegen 0.09/turn

%: no passive effects
@: on fire, glowing, very quick
A: very small, no large weapons, unfitting armour, see invisible, speed 3
a: no special abilities


You were on level 3 of the Dungeon.
You visited 1 branch of the dungeon, and saw 3 of its levels.

You collected 237 gold pieces.
You spent 169 gold pieces at shops.


Innate Abilities, Weirdness & Mutations

You are very small and have problems with some larger weapons.
You are too small for most types of armour.
You have supernaturally acute eyesight. (SInv)
You cover ground extremely quickly. (Speed+++)


   Skills:
 - Level 1.5 Fighting
 - Level 5.3 Ranged Weapons
 + Level 4.0 Dodging
 - Level 1.5 Stealth


You had 3 spell levels left.
You didn't know any spells.
Your spell library was empty.

Inventory:

Hand Weapons
 b - a +3 orcbow of flaming (weapon)
Armour
 c - a +0 robe (worn)
Scrolls
 a - 2 scrolls of identify
 f - a scroll of fear {unknown}
Potions
 d - a potion of haste
 e - a potion of ambrosia {unknown}
 h - 2 potions of curing
 k - a potion of resistance {unknown}

Dungeon Overview and Level Annotations

Branches:
Dungeon (3/15)

Altars:

Shops:
D:3 !


Message History

An endoplasm comes into view.
You shoot an arrow. The arrow hits the endoplasm!
The arrow burns the endoplasm.
You kill the endoplasm!
Found a stone staircase leading down.
A rat comes into view.
You shoot an arrow. The arrow hits the rat.
The arrow burns the rat.
You kill the rat!
f - a scroll labelled PUWASK SAEX A bombardier beetle comes into view.
You shoot an arrow. The arrow hits the bombardier beetle!
The arrow burns the bombardier beetle.
The bombardier beetle is heavily wounded.
You shoot an arrow.
The arrow barely misses the bombardier beetle.
You shoot an arrow.
The arrow closely misses the bombardier beetle.
The bombardier beetle sprays incendiary fluid at you.
The burning spray misses you.
You shoot an arrow. The arrow hits the bombardier beetle.
The arrow burns the bombardier beetle.
The bombardier beetle is almost dead.
You shoot an arrow.
The arrow barely misses the bombardier beetle.
The bombardier beetle sprays incendiary fluid at you.
The burning spray hits you.
You are covered in liquid fire!
You shoot an arrow.
The arrow barely misses the bombardier beetle.
The liquid fire burns you!
You shoot an arrow. The arrow hits the bombardier beetle!
The arrow burns the bombardier beetle.
You kill the bombardier beetle!
The liquid fire burns you!
Your Ranged Weapons skill increases to level 5!
You have reached level 4!
You are on fire!
The liquid fire burns you!
You are on fire!
The liquid fire burns you!
You die...

#... ##...
.... ..% ..
#.## ....#
#..# #...# #@#
#...# #.##
#...#
#..####...#
##...##...#
###.##...#
#..#...#
########.#.###
#...........#
..>.......###


There were no monsters in sight!

Vanquished Creatures
  A bombardier beetle (D:3)
  An adder (D:2)
  2 dart slugs
  3 ball pythons (D:1)
  7 bats
  3 endoplasms
  2 giant cockroaches
  3 hobgoblins
  2 kobolds
  A quokka (D:2)
  3 frilled lizards
  5 goblins (D:1)
  4 rats
37 creatures vanquished.

Notes
Turn   | Place    | Note
-------+----------+-------------------------------------------
     0 | D:1      | qw the Spriggan Hunter began the quest for the Orb.
     0 | D:1      | Reached XP level 1. HP: 10/10 MP: 2/2
     0 | D:1      | 0 ||| qw: Version: 0.3-a-155-g5e7d8dd
     0 | D:1      | 0 ||| qw: Game counter: 3
     0 | D:1      | 0 ||| qw: Melee chars always use a shield: true
     0 | D:1      | 0 ||| qw: God list: Okawaru
     0 | D:1      | 0 ||| qw: Allow faded altars: false
     0 | D:1      | 0 ||| qw: Do Orc after clearing Dungeon:15 true
     0 | D:1      | 0 ||| qw: Do second Lair branch before Depths: true
     0 | D:1      | 0 ||| qw: Lair rune preference: random
     0 | D:1      | 0 ||| qw: Goals: Normal
     0 | D:1      | 0 ||| PLANNING D:1-11
    98 | D:1      | Reached skill level 3 in Dodging
   274 | D:1      | Reached XP level 2. HP: 14/14 MP: 3/3
   656 | D:1      | 656 ||| DROPPING scroll of butterflies.
   828 | D:2      | Reached XP level 3. HP: 18/18 MP: 4/4
  1396 | D:2      | 1396 ||| READING scroll labelled RAPIUL PAYLUZA.
  1396 | D:2      | Identified a scroll of acquirement
  1396 | D:2      | 1396 ||| ACQUIRING +2 orcbow of flaming
  1396 | D:2      | Acquired a +2 orcbow of flaming
  1398 | D:2      | 1398 ||| SWAPPING to +2 orcbow of flaming.
  1399 | D:2      | 1399 ||| DROPPING +0 shortbow.
  1400 | D:2      | 1400 ||| READING scroll labelled LYMAEV LEANU.
  1400 | D:2      | 1400 ||| IDENTIFYING fizzy silvery potion
  1401 | D:2      | 1401 ||| READING scroll labelled USORAS ZERPHE.
  1502 | D:2      | 1502 ||| READING scroll labelled NOEGHA OKETUY.
  1506 | D:2      | 1506 ||| READING scroll labelled TIEGON RIXEL.
  1506 | D:2      | 1506 ||| ENCHANTING +2 orcbow of flaming.
  1507 | D:2      | 1507 ||| DROPPING potion of brilliance.
  1538 | D:3      | Found Elleuptywyb's Distillery.
  1541 | D:3      | 1541 ||| STAIRDANCE
  1591 | D:3      | 1591 ||| STAIRDANCE
  1635 | D:3      | 1635 ||| BUYING potion of curing (39 gold).
  1635 | D:3      | Bought a potion of curing for 39 gold pieces
  1635 | D:3      | 1635 ||| BUYING potion of haste (130 gold).
  1635 | D:3      | Bought a potion of haste for 130 gold pieces
  1635 | D:3      | 1635 ||| SHOPLISTING potion of might (52 gold, have 0).
  1635 | D:3      | 1635 ||| SHOPLISTING potion of mutation (104 gold, have 0).
  1723 | D:3      | Reached skill level 5 in Ranged Weapons
  1723 | D:3      | Reached XP level 4. HP: 10/22 MP: 5/5
  1723 | D:3      | HP: 4/22 [burnt (6)]
  1724 | D:3      | Incinerated by a bombardier beetle

Levels and vault maps discovered:
D:1:      beargit_arrival_diablo_church, layout_basic, serial_bayou_pond_a
D:2:      layout_loops_ring, minmay_stone_trees_small,
          amcnicky_mini_corridor_feature
D:3:      layout_rooms, mainiacjoe_overflow_cross_hatched, serial_shops,
          nicolae_shop_industrial_runoff

Skill      XL: |  1  2  3 |
---------------+----------+-----
Dodging        | 3 4 |  4.0
Ranged Weapons | 5 |  5.3
Fighting       | |  1.5
Stealth        | |  1.5

Action                     |  1- 3 |  4- 6 || total
---------------------------+-------+-------++-------
   Fire: Shortbow          |    87 |       ||    87
         Orcbow            |    24 |       ||    24
    Use: Scroll            |     5 |       ||     5
 Armour: Robe              |    15 |       ||    15
  Dodge: Dodged            |    46 |       ||    46

Table legend:
 A = Non-vault XP
 B = Vault XP
 C = Vault XP percentage of total XP
 D = Non-vault monster count
 E = Vault monster count
 F = Vault count percentage of total count
                 A         B        C        D         E       F
            +---------+---------+-------+---------+---------+-------
      Total |     123 |       0 |   0.0 |      37 |       0 |   0.0
            +---------+---------+-------+---------+---------+-------
        D:1 |      35 |       0 |   0.0 |      19 |       0 |   0.0
        D:2 |      34 |       0 |   0.0 |      13 |       0 |   0.0
        D:3 |      54 |       0 |   0.0 |       5 |       0 |   0.0
            +---------+---------+-------+---------+---------+-------
